 Dungeon Crawl Stone Soup version 0.25-a0-294-gea9b1ad378 (webtiles) character file.

Game seed: 9949572166177569440, levelgen mode: deterministic

46 mopl the Vexing (level 3, 5/24 HPs)
             Began as a Demonspawn Enchanter on Dec 16, 2019.
             Quit the game on level 2 of the Dungeon.
             The game lasted 00:02:28 (1622 turns).

mopl the Vexing (Demonspawn Enchanter)              Turns: 1622, Time: 00:02:28

Health: 5/24       AC:  4    Str:  8    XL:     3   Next: 46%
Magic:  1/6        EV: 12    Int: 17    God:
Gold:   43         SH:  0    Dex: 13    Spells: 0/6 levels left

rFire    . . .     SeeInvis .   a - +1 dagger
rCold    . . .     Gourm    .   (no shield)
rNeg     . . .     Faith    .   b - +0 robe
rPois    .         Spirit   .   (no helmet)
rElec    .         Reflect  .   (no cloak)
rCorr    .         Harm     .   (no gloves)
MR       .....                  (no boots)
Stlth    ++........             f - amulet of inaccuracy (curse)
HPRegen  0.08/turn              (no ring)
MPRegen  0.10/turn              (no ring)

@: lethally poisoned (5 -> -2), very slightly contaminated
A: slimy green scales 1, spiny 1
a: no special abilities


You were on level 2 of the Dungeon.
You were not hungry.

You visited 1 branch of the dungeon, and saw 2 of its levels.

You collected 43 gold pieces.

Inventory:

Hand Weapons
 a - a +1 dagger (weapon)
Armour
 b - a +0 robe (worn)
Jewellery
 f - a cursed amulet of inaccuracy (around neck)
Comestibles
 c - 3 chunks of flesh
 d - 3 rations


   Skills:
 - Level 0.8 Short Blades
 - Level 1.7 Dodging
 * Level 3.3 Stealth
 + Level 2.3 Spellcasting
 * Level 3.6 Hexes
 + Level 0.6 Ice Magic


You couldn't memorise any spells.
You knew the following spells:

 Your Spells              Type           Power        Failure   Level  Hunger
a - Corona                Hex            ##.....      4%          1    #......
b - Ensorcelled Hibernat  Hex/Ice        #.....       12%         2    ###....
c - Confuse               Hex            ##......     13%         3    ###....

Your spell library contained the following spells:

 Spells                   Type           Power        Failure   Level  Hunger
 Tukima's Dance           Hex            ##......     13%         3    ###....
 Dazzling Flash           Conj/Hex       #.....       26%         3    ###....


Dungeon Overview and Level Annotations

Branches:
Dungeon (2/15)

Altars:
Fedhas


Innate Abilities, Weirdness & Mutations

You are partially covered in slimy green scales. (AC +2)
You are partially covered in sharp spines.


Message History

The adder is almost dead.
The adder is struck by your spines. The adder barely misses you.
The adder bites you.
You are lethally poisoned!
The adder poisons you!
You closely miss the adder.
The adder is almost dead.
* * * LOW HITPOINT WARNING * * *
You feel sick. The adder bites you but does no damage.
You miss the adder.
The adder is almost dead.
* * * LOW HITPOINT WARNING * * *
You feel sick. The adder closely misses you.
You closely miss the adder.
The adder is almost dead.
* * * LOW HITPOINT WARNING * * *
You feel sick. The adder bites you but does no damage.
The adder is struck by your spines.
You kill the adder!
Are you sure you want to abandon this character and quit the game? (Confirm with "yes".)

.#..##........
####.#..........###.# #
#...........†.......# #.##.##w#
#...###.## #.......#
##÷..##..##.#
####.####.######...P.P.##.#
#...w...#.....)....PP.P##.#
#.##.##.########'#PP_PP##.# #
#..#.# ##.@.PPPPP##.##### #....#
##.....P.P.#......# ##...#
##.......##........#
#.###...####.........###......###
#........).+.........'...........
#####...####.........####......##
#....# ##.......## ##.#...#
#....# ##.....## ####.## #....#
##...## #.#


There were no monsters in sight!

Vanquished Creatures
  3 adders (D:2)
  A worm (D:2)
  A dart slug (D:1)
  2 goblins
  2 hobgoblins (D:2)
  A kobold (D:2)
  4 bats
  A frilled lizard (D:2)
  A rat (D:2)
16 creatures vanquished.

Notes
Turn   | Place    | Note
-------+----------+-------------------------------------------
     0 | D:1      | mopl the Demonspawn Enchanter began the quest for the Orb.
     0 | D:1      | Reached XP level 1. HP: 13/13 MP: 3/3
  1012 | D:2      | Reached skill level 3 in Stealth
  1012 | D:2      | Gained mutation: You are partially covered in sharp spines.
                  | [demonic ancestry]
  1012 | D:2      | Reached XP level 2. HP: 19/19 MP: 5/5
  1019 | D:2      | Learned a level 2 spell: Ensorcelled Hibernation
  1033 | D:2      | Found a blossoming altar of Fedhas.
  1469 | D:2      | Gained mutation: You are partially covered in slimy green
                  | scales. (AC +2) [demonic ancestry]
  1469 | D:2      | Reached XP level 3. HP: 11/24 MP: 1/6
  1529 | D:2      | Learned a level 3 spell: Confuse
  1622 | D:2      | Quit the game

Levels and vault maps discovered:
D:1:      dpeg_arrival_short_road, layout_basic
D:2:      layout_loops_corners, overflow_temple_1_default, fedhas_altar_3,
          eat_drink_and_be_merry_uskayaw

Skill      XL: |  1 |
---------------+----+-----
Stealth        | 3 |  3.3
Short Blades   | |  0.8
Dodging        | |  1.7
Spellcasting   | |  2.3
Hexes          | |  3.6
Ice Magic      | |  0.6

Action                   || total
-------------------------++-------
Melee: Dagger            ||    73
 Cast: Corona            ||     9
       Ensorcelled Hiber ||     9
  Use: Scroll            ||     2
       Potion            ||     1
 Stab: Sleeping          ||     7
  Eat: Chunk             ||     3
Armor: Robe              ||    30
Dodge: Dodged            ||    55

Table legend:
 A = Non-vault XP
 B = Vault XP
 C = Vault XP percentage of total XP
 D = Non-vault monster count
 E = Vault monster count
 F = Vault count percentage of total count
                 A         B        C        D         E       F
            +---------+---------+-------+---------+---------+-------
      Total |      67 |       0 |   0.0 |      16 |       0 |   0.0
            +---------+---------+-------+---------+---------+-------
        D:1 |       9 |       0 |   0.0 |       4 |       0 |   0.0
        D:2 |      58 |       0 |   0.0 |      12 |       0 |   0.0
            +---------+---------+-------+---------+---------+-------
